 Dungeon Crawl Stone Soup version 0.29-a0-206-g4a66f2e2b5 (webtiles) character file.

Game seed: 4345765713498129375

287 tilp the Chiller (level 6, 26/26 HPs)
             Began as a Felid Ice Elementalist on Feb 23, 2022.
             Quit the game on level 5 of the Dungeon.
             The game lasted 00:06:18 (5102 turns).

tilp the Chiller (Felid Ice Elementalist)           Turns: 5102, Time: 00:06:19

Health: 26/26      AC:  2    Str:  4    XL:     6   Next: 8%
Magic:  11/11      EV: 18    Int: 18    God:
Gold:   701        SH:  0    Dex: 17    Spells: 0/11 levels left
                                        Lives:  1   Deaths: 1

rFire   + . .      SeeInvis +     - Unarmed
rCold   . . .      Faith    .   (shield unavailable)
rNeg    . . .      Spirit   .   (body armour unavailable)
rPois   .          Reflect  .   (helmet unavailable)
rElec   .          Harm     .   (cloak unavailable)
rCorr   .          Rampage  .   (gloves unavailable)
Will    .....                   (boots unavailable)
Stlth   +++.......              (no amulet)
HPRegen 0.08/turn               g - ring of protection from fire
MPRegen 0.12/turn               (no ring)

@: quick
A: very small, claws 1, fangs 3, see invisible, speed 1, shaggy fur 2, stealthy
paws, no weapons or thrown items, no armour, multi-lived
a: no special abilities


You were on level 5 of the Dungeon.
You visited 1 branch of the dungeon, and saw 5 of its levels.

You collected 701 gold pieces.

Inventory:

Jewellery
 g - a ring of protection from fire (left paw)
Wands
 e - a wand of acid (8)
 h - a wand of mindburst (13)
 j - a wand of iceblast (2)
Scrolls
 b - 6 scrolls of identify
 d - a scroll of vulnerability
 i - a scroll of magic mapping
Potions
 a - a potion of resistance
 c - 4 potions of brilliance
 f - a potion of curing


   Skills:
 * Level 2.2 Fighting
 + Level 3.6 Dodging
 + Level 3.7 Stealth
 * Level 2.2 Unarmed Combat
 - Level 3.0 Spellcasting
 - Level 6.0 Ice Magic
 + Level 1.6 Evocations


You couldn't memorise any spells.
You knew the following spells:

 Your Spells              Type           Power      Damage    Failure   Level
a - Freeze                Ice            96%        1d11      1%          1
b - Frozen Ramparts       Ice            48%        1d6       4%          3
c - Ozocubu's Armour      Ice            24%        N/A       4%          3
d - Hailstorm             Conj/Ice       13%        3d5       43%         4

Your spell library contained the following spells:

 Spells                   Type           Power      Damage    Failure   Level
 Gell's Gravitas          Tloc           2%         N/A       43%         3
 Ignite Poison            Fire/Tmut/Pois 2%         N/A       43%         3
 Lesser Beckoning         Tloc           2%         N/A       43%         3
 Mephitic Cloud           Conj/Pois/Air  2%         N/A       43%         3
 Teleport Other           Tloc           2%         N/A       43%         3
 Freezing Cloud           Conj/Ice/Air   4%         6-21      89%         5


Dungeon Overview and Level Annotations

Branches:
Dungeon (5/15)
 Temple: D:4-7

Altars:

Annotations:
D:4 2 transporters, kae's ghost, amateur DrTm


Innate Abilities, Weirdness & Mutations

You have sharp claws.
You have razor-sharp teeth.
You have supernaturally acute eyesight. (SInv)
You cover ground quickly. (Speed+)
You are covered in thick fur. (AC +2)
Your paws help you pounce on unaware monsters.
You are incapable of wielding weapons or throwing items.
You cannot wear armour.
You gain extra lives every three experience levels.


Message History

Casting: Ozocubu's Armour (dangerous; 4% risk of failure)
Confirm with . or Enter, or press ? or * to list all spells.
The spell is potentially lethal to miscast (43% risk of failure)!
Continue anyway?
Okay, then.
The gnoll closely misses you.
Casting: Hailstorm (potentially lethal; 43% risk of failure)
Confirm with . or Enter, or press ? or * to list all spells.
The spell is potentially lethal to miscast (43% risk of failure)!
Continue anyway?
Casting: Hailstorm (potentially lethal; 43% risk of failure)
Press: ? - help, Dir - look around, f - activate You miscast Hailstorm.
You are very lightly contaminated with residual magic.
You are caught in a violent explosion!
The gnoll barely misses you.
Unknown command.
Unknown command.
Unknown command.
Your icy armour and frozen ramparts will break if you move.
Continue?
Your icy armour cracks and falls away as you move.
The frozen ramparts melt away as you move.
The gnoll throws a curare-tipped dart.
The curare-tipped dart hits you.
You are poisoned.
You have difficulty breathing.
You feel yourself slow down.
You feel very sick.
You feel sick.
You feel sick.
You feel sick.
You feel sick.
You feel sick.
You feel sick.
You are no longer poisoned.
The orc warrior closely misses you.
There is a stone staircase leading up here.
The orc warrior hits you from afar with a +0 glaive!
You stop ascending the stairs.
You die...
You are now level 6!
You rejoin the land of the living...
Unknown command.
Unknown command.
Are you sure you want to abandon this character and quit the game? (Confirm with "yes".)

##### #...# #..@######
#........# #...
#........# ######+#..
###.###..#
.........#######.###..#
.........#.......>....#
.........#............#
.........#............#
.........#............#


There were no monsters in sight!

Vanquished Creatures
  A black bear (D:2)
  A centaur (D:5)
  A scorpion (D:4)
  A hound (D:5)
  A gnoll shaman (D:5)
  2 jellies
  Jessica (D:2)
  An orc wizard (D:4)
  An iguana (D:4)
  A hound skeleton (D:3)
  2 gnolls
  2 adders
  A worm (D:3)
  A dart slug (D:4)
  10 orcs
  4 endoplasms
  3 giant cockroaches
  3 goblins
  6 hobgoblins
  9 jackals
  4 quokkas
  3 ball pythons
  5 bats
  8 frilled lizards
  5 kobolds
  3 rats
80 creatures vanquished.

Notes
Turn   | Place    | Note
-------+----------+-------------------------------------------
     0 | D:1      | tilp the Felid Ice Elementalist began the quest for the
                  | Orb.
     0 | D:1      | Reached XP level 1. HP: 7/7 MP: 4/4
   425 | D:1      | Reached XP level 2. HP: 11/11 MP: 3/6
   464 | D:1      | Reached skill level 4 in Ice Magic
  1556 | D:2      | Reached XP level 3. HP: 14/14 MP: 7/7
  1567 | D:2      | Learned a level 3 spell: Frozen Ramparts
  1644 | D:2      | Noticed a black bear
  1666 | D:2      | Killed a black bear
  1667 | D:2      | Reached skill level 5 in Ice Magic
  1667 | D:2      | Reached XP level 4. HP: 15/18 MP: 1/9
  1774 | D:2      | Noticed Jessica
  1780 | D:2      | Learned a level 3 spell: Ozocubu's Armour
  1788 | D:2      | Killed Jessica
  1789 | D:2      | Reached XP level 5. HP: 21/21 MP: 1/10
  3592 | D:3      | Identified a scroll of acquirement
  3592 | D:3      | Acquired 484 gold pieces
  3746 | D:4      | Found a transporter.
  3847 | D:4      | Reached skill level 6 in Ice Magic
  3847 | D:4      | Gained mutation: You are covered in thick fur. (AC +2)
                  | [Felid growth]
  3847 | D:4      | Reached XP level 6. HP: 22/25 MP: 2/11
  3927 | D:4      | Noticed kae's ghost (amateur DrTm)
  3948 | D:4      | Reached skill level 1 in Fighting
  3995 | D:4      | Found a transporter.
  4157 | D:4      | Reached skill level 1 in Unarmed Combat
  4372 | D:5      | Entered Level 5 of the Dungeon
  4377 | D:5      | Reached skill level 1 in Evocations
  4385 | D:5      | Learned a level 4 spell: Hailstorm
  4719 | D:5      | Noticed an orc warrior
  4721 | D:5      | Noticed an ice beast
  4722 | D:5      | Reached XP level 7. HP: 18/30 MP: 2/12
  5101 | D:5      | Slain by an orc warrior
  5102 | D:5      | Reached XP level 6. HP: -2/26 MP: 4/11
  5102 | D:5      | Quit the game

Illustrated notes

Levels and vault maps discovered:
D:1:      lemuel_arrival_muddy, layout_basic
D:2:      layout_basic, uniq_jessica
D:3:      layout_basic, kennysheep_decorative_pillar,
          chequers_serial_rivers_small_a, grunt_ministairs_6, st_stairs_11,
          kennysheep_doodads
D:4:      layout_basic, gammafunk_ghost_arena, dk_rats_in_the_wall
D:5:      layout_gridville, mainiacjoe_overflow_alcove_4, kennysheep_little_box,
          pf_guarded_unrand_delatra, uniq_grinder, uniq_duvessa

Skill      XL: |  1  2  3  4  5  6 |
---------------+-------------------+-----
Ice Magic      | 4 5 6 |  6.0
Spellcasting   | 3 |  3.0
Fighting       | 2 |  2.2
Dodging        | 3 |  3.6
Stealth        | 3 |  3.7
Unarmed Combat | 2 |  2.2
Evocations     | 1 |  1.6

Action                   |  1- 3 |  4- 6 |  7- 9 || total
-------------------------+-------+-------+-------++-------
Melee: Unarmed           |     6 |    29 |     4 ||    39
       Bite              |     2 |     5 |     1 ||     8
 Cast: Freeze            |    44 |    40 |     1 ||    85
       Frozen Ramparts   |     1 |    14 |     3 ||    18
       Ozocubu's Armour  |       |     4 |     1 ||     5
  Use: Scroll            |    10 |     5 |       ||    15
 Stab: Sleeping          |     2 |    10 |       ||    12
Armor: Skin              |     2 |     4 |     1 ||     7
Dodge: Dodged            |    22 |    43 |    12 ||    77

Table legend: (Time is in decaauts)
 A = Elapsed time spent in this place.
 B = Non-inter-level travel time spent in this place.
 C = Inter-level travel time spent in this place.
 D = Time resting spent in this place.
 E = Time spent auto-exploring this place.
 F = Levels seen in this place.
 G = Mean time per level.
                   A        B        C        D        E       F      G
               +--------+--------+--------+--------+--------+-----+--------+
         Total |   4557 |   4435 |    122 |    847 |   3045 |   5 |  911.4 |
       Dungeon |   4557 |   4435 |    122 |    847 |   3045 |   5 |  911.4 |
               +--------+--------+--------+--------+--------+-----+--------+

Top non-repeatable levels by time:
     D:1: 1380 daAuts
     D:4: 938 daAuts
     D:2: 920 daAuts
     D:3: 891 daAuts
     D:5: 425 daAuts
